 Dungeon Crawl Stone Soup version 0.26-a0-854-gdc81c2f471 (webtiles) character file.

Game seed: 10245661356113207593

426822 EnegeticOcto the Imperceptible (level 22, -10/121 HPs)
             Began as a Spriggan Chaos Knight on Nov 24, 2020.
             Was a Favourite Plaything of Xom.
             Killed from afar by Feukes the pandemonium lord (67 damage)
             ... with an orb of electricity
             ... on level 3 of the Realm of Zot.
             The game lasted 02:52:27 (58423 turns).

EnegeticOcto the Imperceptible (SpCK)              Turns: 58423, Time: 02:52:33

Health: -10/121    AC: 22    Str:  7 (8)  XL:     22   Next: 44%
Magic:  33/37      EV: 28    Int: 15 (18) God:    Xom [*.....]
Gold:   2633       SH:  4    Dex: 24      Spells: 15/49 levels left

rFire    + . .     SeeInvis +   a - +7 pair of quick blades "Gyre" and "Gimble" {protect}
rCold    + . .     Faith    .   (shield currently unavailable)
rNeg     + . .     Spirit   .   n - +7 swamp dragon scales
rPois    +         Reflect  .   t - +2 hat {Int+3}
rElec    .         Harm     .   y - scarf {repulsion}
rCorr    .         Rampage  .   (gloves unavailable)
MR       ++++.                  (boots unavailable)
Stlth    +++.......             D - amulet of Ollonn {rC+ rN+ Regen+}
HPRegen  0.70/turn              l - ring of protection from fire
MPRegen  0.25/turn              K - +4 ring of protection

@: very slightly contaminated, invisible, repel missiles, very quick
A: very small, unfitting armour, large bone plates 1, camouflage 1, see
invisible, deterioration 1, speed 3, low mp 1, magic resistance 1, poison
resistance, evolution 1
0: Orb of Zot
}: 3/15 runes: decaying, serpentine, abyssal
a: Renounce Religion


You were on level 3 of the Realm of Zot.
You worshipped Xom.
You were a special plaything of Xom.
You visited 8 branches of the dungeon, and saw 45 of its levels.
You visited the Abyss 1 time.
You visited 1 bazaar.
You also visited: Bailey.

You collected 6554 gold pieces.
You spent 3921 gold pieces at shops.

Inventory:

Hand Weapons
 a - the +7 pair of quick blades "Gyre" and "Gimble" (weapon) {protect}
   (You acquired it on level 2 of the Swamp)

   It grants its wielder temporary protection when it strikes (+7 to AC).
 q - a +1 scimitar of distortion
   (You took it off Maggie on level 6 of the Dungeon)
 M - the +9 hand axe "Ox" {vorpal, rElec rPois}
   (You found it on level 6 of the Dungeon)

   It inflicts extra damage upon your enemies.
   It insulates you from electricity.
   It protects you from poison.
Missiles
 e - 100 poisoned darts (quivered)
 r - 5 throwing nets {!f}
Armour
 n - +7 swamp dragon scales (worn)
   (You found it on level 2 of the Swamp)
 t - a +2 hat of intelligence (worn)
   (You acquired it on level 2 of the Swamp)
 y - a scarf of repulsion (worn)
   (You found it on level 12 of the Dungeon)
Magical Staves
 b - an uncursed staff of conjuration
   (You found it on level 6 of the Lair of Beasts)
Jewellery
 l - a ring of protection from fire (left hand)
   (You bought it in a shop on level 2 of the Orcish Mines)
 D - the amulet of Ollonn (around neck) {rC+ rN+ Regen+}
   (You bought it in a shop on level 2 of the Orcish Mines)

   [amulet of regeneration]

   It protects you from cold.
   It protects you from negative energy.
   It increases your rate of regeneration.
 K - a +4 ring of protection (right hand)
   (You found it on level 13 of the Dungeon)
Wands
 w - a wand of polymorph (24)
   (You found it on level 14 of the Dungeon)
 B - a wand of iceblast (49) {@v2}
   (Xom gifted it to you on level 3 of the Dungeon)
 E - a wand of digging (7) {@v3}
   (You found it on level 4 of the Dungeon)
 I - a wand of acid (13) {@v1}
   (You found it on level 4 of the Dungeon)
 L - a wand of disintegration (68)
   (You found it on level 5 of the Lair of Beasts)
 N - a wand of enslavement (22)
   (You found it on level 6 of the Dungeon)
 V - a wand of flame (46) {@v4}
   (You took it off Joseph on level 7 of the Dungeon)
 Z - a wand of paralysis (32)
   (You bought it in a shop on level 2 of the Orcish Mines)
Scrolls
 c - 19 scrolls of identify {@r1}
 d - 9 scrolls of fog {!r}
 g - 4 scrolls of vulnerability
 j - a scroll of silence
 u - 19 scrolls of teleportation {@r3 !r}
 C - 5 scrolls of blinking {@r4}
 F - 4 scrolls of fear {!r}
 J - 5 scrolls of summoning
 O - 2 scrolls of enchant armour
 Q - 4 scrolls of immolation
 U - 13 scrolls of enchant weapon
 Y - a scroll of holy word
Potions
 f - 8 potions of attraction
 h - a potion of magic
 i - 5 potions of brilliance
 k - 4 potions of resistance
 m - 7 potions of lignification {@q6}
 o - 26 potions of curing {@q1 !q}
 s - 5 potions of haste {@q4 !q}
 v - 3 potions of heal wounds {@q2 !q}
 z - 9 potions of ambrosia
 G - 3 potions of cancellation
 P - 4 potions of mutation
 S - 6 potions of might {@q3 !q}
 T - 5 potions of berserk rage
 X - 6 potions of invisibility
Miscellaneous
 x - a box of beasts
   (Xom gifted it to you on level 14 of the Dungeon)
 A - a phial of floods
   (Xom gifted it to you on level 4 of the Lair of Beasts)
 H - a tin of tremorstones (2/2)
   (You found it on level 5 of the Lair of Beasts)
 R - a phantom mirror
   (You found it on level 4 of the Vaults)
 W - a lightning rod (4/4)
   (Xom gifted it to you on level 7 of the Dungeon)


   Skills:
 * Level 14.8 Fighting
 - Level 12.0 Short Blades
 - Level 6.5 Armour
 - Level 15.0 Dodging
 + Level 22.3 Stealth
 - Level 7.2 Shields
 + Level 14.3 Spellcasting
 - Level 7.0 Conjurations
 - Level 18.0 Hexes
 - Level 5.0 Translocations
 - Level 14.0 Transmutations
 - Level 6.0 Ice Magic
 + Level 17.6 Evocations


You had 15 spell levels left.
You knew the following spells:

 Your Spells              Type           Power        Failure   Level
a - Ensorcelled Hibernat  Hex/Ice        #####.       1%          2
b - Confusing Touch       Hex            ######..     1%          3
c - Dazzling Flash        Conj/Hex       #####.       1%          3
d - Tukima's Dance        Hex            ######..     1%          3
e - Slow                  Hex            ######..     0%          2
f - Apportation           Tloc           ####..       2%          1
g - Yara's Violent Unrav  Hex/Tmut       ######....   1%          5
p - Passwall              Tmut/Erth      ####....     1%          2
s - Invisibility          Hex            ######..     1%          6
z - Irradiate             Conj/Tmut      #####.....   7%          5
Y - Blink                 Tloc           N/A          3%          2

Your spell library contained the following spells:

 Spells                   Type           Power        Failure   Level
 Corona                   Hex            ######.      0%          1
 Freeze                   Ice            ####         1%          1
 Magic Dart               Conj           ####         1%          1
 Searing Ray              Conj           ####..       1%          2
 Portal Projectile        Hex/Tloc       #####.       1%          3
 Fulminant Prism          Conj/Hex       #####.....   1%          4
 Metabolic Englaciation   Hex/Ice        #####.....   3%          5
 Frozen Ramparts          Ice            ####..       4%          3
 Ozocubu's Armour         Ice            ####....     4%          3
 Leda's Liquefaction      Hex/Erth       #####.....   4%          4
 Gell's Gravitas          Tloc           ####......   7%          3
 Lesser Beckoning         Tloc           ####......   7%          3
 Teleport Other           Tloc           ####....     7%          3
 Ignite Poison            Fire/Tmut/Pois ###.....     8%          3
 Hydra Form               Tmut           ######....   9%          6
 Petrify                  Tmut/Erth      ####....     10%         4
 Hailstorm                Conj/Ice       ####....     12%         4
 Conjure Flame            Conj/Fire      ###.....     13%         3
 Stone Arrow              Conj/Erth      ###...       13%         3
 Iskenderun's Mystic Bla  Conj/Tloc      ####....     16%         4
 Animate Skeleton         Necr           ##....       19%         1
 Pain                     Necr           ##..         19%         1
 Sandblast                Erth           ##....       19%         1
 Summon Small Mammal      Summ           ##..         19%         1
 Mephitic Cloud           Conj/Pois/Air  ###.....     21%         3
 Passage of Golubria      Tloc           N/A          22%         4
 Call Imp                 Summ           ##......     26%         2
 Corpse Rot               Necr/Air       N/A          26%         2
 Poisonous Vapours        Pois/Air       ##....       26%         2
 Sublimation of Blood     Necr           ##........   26%         2
 Swiftness                Air            ##......     26%         2
 Alistair's Intoxication  Tmut/Pois      ####.....    28%         5
 Dragon Form              Tmut           ######....   43%         7
 Summon Ice Beast         Ice/Summ       ###.....     45%         4
 Vampiric Draining        Necr           ##........   47%         3
 Fireball                 Conj/Fire      ###.......   75%         5
 Statue Form              Tmut/Erth      ####.....    83%         6
 Animate Dead             Necr           ##........   87%         4
 Dispel Undead            Necr           ##......     87%         4
 Bolt of Magma            Conj/Fire/Erth ###.......   88%         5
 Dispersal                Tloc           ####......   98%         6
 Agony                    Necr           ##......     99%         5
 Excruciating Wounds      Necr           ##........   99%         5
 Lee's Rapid Deconstruct  Erth           ##........   99%         5
 Freezing Cloud           Conj/Ice/Air   ###.......   99%         6
 Iron Shot                Conj/Erth      ###.......   100%        6
 Starburst                Conj/Fire      ###.......   100%        6
 Haunt                    Necr/Summ      ##........   100%        7
 Borgnjor's Revivificati  Necr           ##........   100%        8
 Disjunction              Tloc           ####......   100%        8
 Ignition                 Fire           ##........   100%        8
 Infestation              Necr           ##........   100%        8
 Necromutation            Tmut/Necr      ####......   100%        8
 Death's Door             Necr           ##........   100%        9
 Shatter                  Erth           ##........   100%        9


Dungeon Overview and Level Annotations

Branches:
Dungeon (15/15)            Temple (0/1) D:7            Lair (6/6) D:11
  Swamp (4/4) Lair:4        Snake (4/4) Lair:4        Slime (0/5) Lair:6
    Orc (2/2) D:11            Elf (0/3) Orc:2        Vaults (4/5) D:14
  Crypt (0/3) Vaults:3     Depths (5/5) D:15            Zot (5/5) Depths:5
 Bailey (visited)

Altars:
Ashenzari
Fedhas
Kikubaaqudgha
Okawaru
Ru
Trog
Vehumet
Xom
Yredelemnul
Beogh
Jiyva

Shops:
D:5 *(   D:7 *   D:9 ?   Orc:2 (*[=*   Snake:2 ?**?*   Snake:3 (

Portals:
Hell: Depths:1 Depths:3
Trove: Vaults:4 (give +3 fire dragon scales)

Annotations:
D:12 3 runed translucent doors, lis82's ghost, journeyman DgAE
Lair:3 exclusion: oklob plant
Lair:6 2 transporters, 1 runed translucent door, exclusion: door, Decritt's ghost, journeyman TeAE
Swamp:4 exclusion: oklob plant
Snake:2 Roxanne
Orc:1 3 runed translucent doors, exclusion: 3 doors, Fimimaamm's ghost, journeyman TeFi


Innate Abilities, Weirdness & Mutations

You are very small and have problems with some larger weapons.
You are too small for most types of armour.
You have supernaturally acute eyesight. (SInv)
You cover ground extremely quickly.
You are partially covered in large bone plates. (SH +4)
Your skin changes colour to match your surroundings (Stealth+).
Your body sometimes deteriorates upon taking damage.
Your magical capacity is low. (-10% MP)
You are resistant to hostile enchantments. (MR+)
Your system is resistant to poisons. (rPois)
You evolve.


Message History

You feel magically purged.
Your magical contamination has completely faded away.
You feel yourself slow down.
You feel a little less clever now.
Your resistance to elements expires.
The sentinel's mark upon you fades away.
Unknown command.
You open the door.
You feel a bit more experienced.
You feel your strength returning.
There is an open door here.
You open the door.
There is an open door here.
You close the door.
You hear a roar!
You open the door.
There is an open door here.
You close the door.
You hear a roar!
You open the door.
There is an open door here.
Unknown command.
Really quaff
o - 30 potions of curing {@q1 !q}?
You feel better.
Really quaff
o - 29 potions of curing {@q1 !q}?
You feel better.
You hear a roar!
Really quaff
o - 28 potions of curing {@q1 !q}?
You feel better.
Really quaff
o - 27 potions of curing {@q1 !q}?
You feel better.
You hear a roar!
There is a stone staircase leading up here.
You hear a roar! x2
You climb upwards.
The moth of wrath's fur bristles in rage as it notices you.
A moth of wrath comes into view.
There is a stone staircase leading down here.
Found a stone staircase leading up.
The green draconian breathes poison at you.
Xom's power touches on a nearby monster.
The moth of wrath flickers and vanishes for a moment.
Unknown command.
Unknown command.
There is a stone staircase leading up here.
You climb upwards.
The green draconian stormcaller roars!
The electric golem blinks!
The green draconian stormcaller mumbles some strange prayers to Qazlal.
There is a stone staircase leading down here.
Casting: Apportation (safe; 2% risk of failure)
Confirm with . or Enter, or press ? or * to list all spells.
Aiming: Invisibility (dangerous; 1% risk of failure)
Press: ? - help, Shift-Dir - straight line, f - you You fade into invisibility!
You are very lightly contaminated with residual magic.
The lindwurm breathes flames at something.
A neqoxec, a balrug and a pandemonium lord come into view.
The balrug is wielding a +1 demon whip of flaming.
The green draconian stormcaller calls down the wrath of Qazlal upon you.
The blast of rubble hits you but does no damage.
The blast of rubble hits the electric golem!!
The electric golem blinks!
The wind drake is engulfed in seething chaos.
The wind drake is moving more slowly.
The electric golem hits you but does no damage.
The electric golem barely misses you.
The electric golem hits you but does no damage.
The electric golem hits you.
The wind drake hisses angrily.
Feukes gestures at you.
The orb of electricity explodes!
The orb of electricity engulfs the electric golem.
The electric golem completely resists.
The orb of electricity engulfs you!!!!
Ouch! That really hurt!
* * * LOW HITPOINT WARNING * * *
A shower of butterflies erupts from you!
The orb of electricity engulfs your butterfly!!!
Your butterfly dies!
The electric golem hits you but does no damage. x2
The electric golem completely misses you.
The electric golem hits you but does no damage.
You hear a deafening roar! x2
Really quaff
v - 4 potions of heal wounds {@q2 !q}?
You feel much better.
The electric golem hurls lightning at you.
The bolt of lightning misses you. x2
The bolt of lightning misses the electric golem.
Feukes gestures at you.
The orb of electricity explodes!
The orb of electricity engulfs your butterfly!!!!
Your butterfly dies!
The orb of electricity engulfs the electric golem.
The electric golem completely resists.
The orb of electricity engulfs the balrug!!!!
The balrug dies!
The orb of electricity engulfs your butterfly!!!
Your butterfly dies!
The orb of electricity engulfs you!!!
Ouch! That really hurt!
You die...
Xom howls with laughter!

,*,,.......>§§§......##*,,**,,,,,
,*,,......3.§§§........#.#**,,,,*
,,**.......k§§§§......,..##*,,,,*
,,**..###...§§&###..#**...##.,,,,
,,**..#q#....§§#q#..#*#......*,,,
,,*,..###......###..#*.....,,***,
*,,*................##...,,,,**,,
*,,,.........).8.....#.#*,,,***,,
*,,,,..####.#..#@.###.###,,,**,,,
,,**,..***#.#..)b##..#..#,,***,,,
,****,,,,,#.........#.###,*****,,
,,***,,,,......b......# ***,***,,
*,,,,,,**####.#......##***,***,,,
**,,,,,* ####....##,**,*****,,
,**,,,*********#.....,**,,*,* **,
*****,,,,,,,,,......##*,,,,****,,
,,******,,,,,......##*,,,,****,,,


You could see Feukes (clouds), an electric golem (unaware), a red draconian
scorcher, a wind drake (summoned, repels missiles, petrifying) and a neqoxec
(wandering).

Vanquished Creatures
  Frederick (Vaults:1)
  Vashnia (Snake:2)
  A golden dragon (Depths:5)
  A caustic shrike (Depths:3)
  2 electric golems
  2 large abominations
  A lich (Depths:3)
  A tentacled monstrosity (Vaults:4)
  Rupert (D:13)
  Asterion (Snake:3)
  A death cob (Zot:5)
  Agnes (Vaults:1)
  A shadow dragon (Zot:3)
  A tentacled starspawn (Abyss:3)
  A kraken (Abyss:3)
  2 sphinxes (Vaults:1)
  An ancient champion (Vaults:1)
  Frances (Swamp:2)
  4 storm dragons
  A tengu reaver (Depths:3)
  3 thorn hunters (Swamp:4)
  A draconian monk (Zot:1)
  10 nagarajas
  Aizul (Snake:2)
  A draconian knight (Zot:1)
  2 draconian scorchers (Zot:1)
  2 fire giants (Vaults:4)
  8 vault wardens
  A ghost moth (Zot:1)
  An orc warlord (Vaults:2)
  A ghoul (Vaults:4)
  A draconian stormcaller (Depths:5)
  9 ironheart preservers
  A draconian annihilator (Depths:5)
  7 very ugly things
  A hydra skeleton (Swamp:4)
  13 stone giants
  2 spriggan defenders
  2 entropy weavers
  Nessos (Orc:2)
  4 vampire knights
  A deep elf annihilator (Vaults:1)
  3 green draconians
  A black draconian (Depths:5)
  3 red draconians (Depths:5)
  5 bunyips
  A white draconian (Zot:1)
  A spark wasp (Vaults:3)
  A yellow draconian (Zot:1)
  Snorg (Lair:3)
  3 ettins
  A deep elf death mage (Vaults:1)
  4 fire dragons
  4 eleionomae
  A shambling mangrove (Swamp:4)
  4 great orbs of eyes
  Erolcha (Orc:2)
  8 yaktaur captains
  4 rakshasas
  6 boulder beetles
  26 naga warriors
  4 ice dragons
  3 catoblepae
  12 centaur warriors
  2 spriggan air magi (Depths:3)
  17 vault guards
  3 ghost crabs (Swamp:2)
  23 hydras
  5 death knights
  28 two-headed ogres
  18 anacondas
  2 alligators
  2 tengu warriors
  10 ogre magi
  4 death yaks (Lair:4)
  22 naga sharpshooters
  3 deep troll earth magi
  Urug (Orc:2)
  3 deep troll shamans
  3 orc high priests (Orc:2)
  8 shock serpents
  2 spriggan berserkers
  A titan zombie (Depths:2)
  3 thrashing horrors (Abyss:3)
  Nergalle (Lair:1)
  3 goliath frogs
  3 deep elf knights
  A fire crab (shapeshifter) (Vaults:1)
  A shadow wraith (Vaults:1)
  2 salamander mystics
  4 skeletal warriors (D:15)
  4 sea snakes (Snake:1)
  8 spriggan druids
  10 swamp dragons
  2 wizards
  19 deep trolls
  5 unseen horrors
  8 bog bodies
  7 deep elf archers
  5 glowing orange brains
  10 naga ritualists
  3 spectral hydras (Swamp:4)
  8 harpies
  14 ironbrand convokers
  29 ugly things
  10 mana vipers
  A tengu zombie (Depths:3)
  23 orc knights
  2 necromancers
  A stone giant zombie (Depths:3)
  3 wolf spiders
  4 deep elf magi
  15 salamanders
  A sphinx skeleton (Vaults:1)
  A frost giant zombie (Depths:2)
  4 orc sorcerers (Orc:2)
  2 will-o-the-wisps (Swamp:3)
  A cyclops (shapeshifter) (Vaults:1)
  4 cyclopes
  3 manticores
  2 moths of wrath
  A moth of wrath (shapeshifter) (Vaults:2)
  31 black mambas
  Maurice (D:13)
  16 elephants
  18 guardian serpents
  2 apocalypse crabs (Abyss:3)
  11 vault sentinels
  19 naga magi
  A torpor snail (Lair:5)
  Joseph (D:7)
  4 gargoyles
  An eye of devastation (shapeshifter) (Depths:3)
  A cane toad (shapeshifter) (Bailey)
  2 centaur zombies
  23 cane toads
  7 rime drakes
  12 komodo dragons
  25 yaktaurs
  Maggie (D:6)
  2 redback zombies (D:14)
  A yaktaur (shapeshifter) (Vaults:1)
  4 freezing wraiths
  A spark wasp simulacrum (Depths:3)
  A queen bee (Lair:4)
  4 hydra zombies (Swamp:4)
  An ancient zyme (Abyss:3)
  3 tengu conjurers
  2 death drake zombies (Swamp:4)
  A queen bee (shapeshifter) (Vaults:3)
  9 trolls
  7 meliai
  Grinder (D:5)
  A dancing weapon (Snake:4)
  14 hornets
  A bloated husk (Swamp:1)
  3 polar bears
  Prince Ribbit (D:7)
  A meliai (shapeshifter) (Depths:3)
  15 tyrant leeches
  13 slime creatures
  A death drake skeleton (Swamp:4)
  3 raiju
  17 blink frogs
  A fire giant simulacrum (Depths:2)
  4 dream sheep (Lair:6)
  Sigmund (D:6)
  11 spriggans
  6 wraiths
  A redback (Vaults:2)
  A small abomination (D:14)
  A fire elemental (Abyss:3)
  2 water elementals (Depths:1)
  14 wyverns
  4 basilisks
  49 yaks
  A neqoxec (Abyss:3)
  A steam dragon (D:13)
  17 vampire mosquitoes
  8 humans (D:14)
  13 wargs
  50 nagas
  3 hell hounds (D:14)
  Edmund (D:6)
  4 acid dragons
  3 hydra simulacra (Swamp:4)
  A soldier ant (shapeshifter) (Vaults:3)
  18 swamp worms
  9 water moccasins
  A hornet zombie (D:15)
  An ogre skeleton (Vaults:1)
  50 orc warriors
  7 swamp drakes (Swamp:4)
  2 eyes of draining
  2 ice beasts (D:5)
  9 sky beasts
  A swamp dragon zombie (Swamp:4)
  A human zombie (Vaults:1)
  A phantom (D:9)
  4 black bears
  2 necrophages
  A boggart (shapeshifter) (Vaults:2)
  7 boggarts
  8 wolves
  38 ogres
  32 centaurs
  2 lemures (D:5)
  3 big kobolds
  A gnoll sergeant (D:9)
  28 bullfrogs
  A wyvern zombie (D:8)
  A water moccasin skeleton (D:9)
  27 killer bees
  3 human simulacra
  16 wights
  10 electric eels
  5 howler monkeys
  A quasit (D:11)
  4 hounds
  5 jellies
  19 orc wizards
  24 orc priests
  5 centaur skeletons
  A gnoll shaman (Orc:2)
  A bullfrog skeleton (D:7)
  7 iguanas
  9 hell rats
  7 worker ants
  A killer bee zombie (D:6)
  A hound zombie (D:8)
  2 hound skeletons
  Robin (D:3)
  A worker ant zombie (D:6)
  13 gnolls
  18 adders
  7 river rats
  4 shadow imps
  2 white imps
  An ufetubus (D:10)
  3 oozes
  An adder skeleton (D:8)
  2 worms
  2 dart slugs (D:1)
  6 leopard geckos
  119 orcs
  12 giant cockroaches
  24 goblins
  8 hobgoblins
  3 jackals (D:11)
  24 kobolds
  11 quokkas
  2 ball pythons
  4 bats
  4 frilled lizards
  A leopard gecko zombie (D:5)
  13 rats
  2 butterflies (Lair:1)
  A lurking horror (Abyss:3)
  3 tentacles (Abyss:3)
1731 creatures vanquished.

Vanquished Creatures (collateral kills)
  Xtahua (Vaults:3)
  A nagaraja (Snake:3)
  A draconian scorcher (Zot:5)
  An orc warlord (Orc:2)
  A two-headed ogre (D:9)
  Pikel (D:5)
  An orc knight (Bailey)
  An orc sorcerer (Orc:2)
  A guardian serpent (Snake:4)
  A naga mage (Snake:4)
  3 dream sheep (Lair:6)
  A wraith (D:15)
  A naga (Snake:3)
  4 orc warriors (Bailey)
  An eye of draining (D:6)
  2 wights (D:11)
  An orc wizard (Orc:1)
  A gnoll (D:9)
  A river rat (Lair:2)
  A leopard gecko (D:6)
  16 orcs
  A goblin (D:4)
43 creatures vanquished.

Vanquished Creatures (others)
  A lich (Vaults:4)
  A death cob (Zot:5)
  A thorn hunter (Swamp:4)
  A fire giant (Vaults:4)
  A balrug (Zot:3)
  A deep troll shaman (Depths:2)
  A deep troll (Depths:2)
  A necromancer (Depths:2)
  An elephant (Lair:3)
  2 bloated husks
  A wyvern (Lair:4)
  A human (D:14)
  11 dancing weapons
  A naga (Snake:4)
  2 ogres
  2 centaurs (Vaults:1)
  A killer bee (Lair:4)
  5 briar patches
  A bush (Lair:6)
  12 foxfires (Swamp:3)
  47 fungi
  124 plants
  A tentacle (Abyss:3)
220 creatures vanquished.

Grand Total: 1994 creatures vanquished

Notes
Turn   | Place    | Note
-------+----------+-------------------------------------------
     0 | D:1      | EnegeticOcto the Spriggan Chaos Knight began the quest for
                  | the Orb.
     0 | D:1      | Reached XP level 1. HP: 11/11 MP: 2/2
    63 | D:1      | Reached skill level 1 in Stealth
    87 | D:1      | Reached skill level 2 in Stealth
    97 | D:1      | Reached XP level 2. HP: 10/16 MP: 3/3
   110 | D:1      | Reached skill level 3 in Stealth
   369 | D:1      | XOM: silly message
   679 | D:1      | Reached skill level 4 in Stealth
   687 | D:1      | XOM: silly message
  1002 | D:1      | Reached XP level 3. HP: 16/19 MP: 4/4
  1009 | D:1      | XOM: silly message
  1020 | D:1      | XOM: smoke on damage
  1187 | D:1      | XOM: cloud trail
  1351 | D:2      | Reached skill level 4 in Dodging
  1429 | D:2      | XOM: butterfly on damage
  1729 | D:2      | Reached skill level 4 in Short Blades
  1729 | D:2      | Reached XP level 4. HP: 23/23 MP: 5/5
  1800 | D:2      | Reached skill level 5 in Dodging
  1812 | D:2      | Noticed a phantom
  1948 | D:2      | Learned a level 2 spell: Ensorcelled Hibernation
  1952 | D:2      | XOM is BORED!
  1952 | D:2      | XOM: silly message
  1978 | D:2      | XOM: potion effect (invisibility)
  2156 | D:2      | XOM: silly message
  2167 | D:2      | Reached XP level 5. HP: 27/27 MP: 6/6
  2326 | D:1      | XOM: fog
  2553 | D:3      | XOM: god gift: 60 gold pieces
  2628 | D:3      | XOM: scenery: summon butterflies
  2692 | D:3      | Reached skill level 1 in Hexes
  2821 | D:3      | XOM: polymorph orc priest -> jelly
  2828 | D:3      | Reached skill level 1 in Spellcasting
  2849 | D:3      | XOM: god gift: wand of iceblast (8)
  2943 | D:3      | Reached skill level 2 in Spellcasting
  2943 | D:3      | Reached skill level 2 in Hexes
  3168 | D:3      | XOM: divination: detect items
  3351 | D:4      | Learned a level 3 spell: Confusing Touch
  3354 | D:4      | Learned a level 2 spell: Blink
  3493 | D:4      | Reached skill level 1 in Translocations
  3627 | D:4      | XOM: cast spell 'Discord'
  3628 | D:4      | Noticed Robin
  3660 | D:3      | Killed Robin
  3661 | D:3      | Reached skill level 3 in Hexes
  3661 | D:3      | Reached XP level 6. HP: 27/32 MP: 10/10
  3787 | D:4      | Reached skill level 2 in Translocations
  3831 | D:4      | XOM is BORED!
  3831 | D:4      | XOM: give mutations
  3831 | D:4      | Gained mutation: You are weak. (Str -2) [Xom's mischief]
  3831 | D:4      | Gained mutation: Your flesh is heat resistant. (rF+) [Xom's
                  | mischief]
  4026 | D:5      | Entered Level 5 of the Dungeon
  4026 | D:5      | Noticed a sky beast
  4030 | D:5      | Killed a sky beast
  4031 | D:5      | Reached skill level 1 in Evocations
  4042 | D:5      | Reached skill level 3 in Translocations
  4042 | D:5      | Reached skill level 2 in Evocations
  4312 | D:5      | Noticed Grinder
  4344 | D:5      | Found Zecvoryth's General Store.
  4349 | D:5      | Reached skill level 4 in Hexes
  4357 | D:5      | Bought a wand of disintegration (7) for 132 gold pieces
  4357 | D:5      | Bought a scroll of remove curse for 36 gold pieces
  4366 | D:5      | Noticed an ice beast
  4376 | D:5      | Killed an ice beast
  4377 | D:5      | Reached skill level 3 in Evocations
  4377 | D:5      | Reached XP level 7. HP: 35/35 MP: 11/11
  4592 | D:5      | Found Yqenne's Weapon Emporium.
  4596 | D:5      | XOM: god gift: 19 gold pieces
  4627 | D:5      | Reached skill level 5 in Hexes
  4627 | D:5      | Reached skill level 4 in Evocations
  4639 | D:5      | Got a clouded ivory ring
  4640 | D:5      | Identified the ring of Xum Zof {Str+4 Int+4 Stlth+} (You
                  | found it on level 5 of the Dungeon)
  4749 | D:5      | XOM: draining
  4912 | D:5      | XOM: 1-stop teleportation journey
  5008 | D:5      | XOM: confusion (+ monsters)
  5032 | D:5      | XOM: silly message
  5101 | D:5      | Noticed Pikel
  5117 | D:5      | XOM: swap monsters
  5126 | D:5      | Killed Pikel
  5127 | D:5      | Reached skill level 6 in Dodging
  5127 | D:5      | Reached skill level 5 in Stealth
  5127 | D:5      | Reached skill level 2 in Ice Magic
  5127 | D:5      | Reached XP level 8. HP: 20/39 MP: 12/12
  5419 | D:5      | Killed Grinder
  5420 | D:5      | Reached skill level 5 in Short Blades
  5420 | D:5      | Reached skill level 6 in Hexes
  5460 | D:6      | Noticed Maggie
  5467 | D:6      | Killed Maggie
  5468 | D:6      | Reached skill level 7 in Stealth
  5468 | D:6      | Reached skill level 7 in Hexes
  5531 | D:6      | Reached skill level 6 in Short Blades
  5618 | D:6      | Reached skill level 3 in Fighting
  5710 | D:6      | Learned a level 3 spell: Dazzling Flash
  5750 | D:6      | XOM is BORED!
  5750 | D:6      | XOM: stat loss: -3 Str (7/10)
  5763 | D:6      | Found a bloodstained altar of Trog.
  5776 | D:6      | Reached skill level 3 in Spellcasting
  5969 | D:6      | Reached XP level 9. HP: 43/44 MP: 14/14
  6073 | D:6      | Noticed Edmund
  6086 | D:6      | Killed Edmund
  6087 | D:6      | Reached skill level 8 in Stealth
  6087 | D:6      | Reached skill level 1 in Conjurations
  6165 | D:6      | XOM: summons 2 hostile shadow creatures
  6316 | D:6      | XOM: polymorph worker ant -> river rat
  6320 | D:6      | Reached skill level 7 in Short Blades
  6329 | D:6      | XOM: summons 2 hostile demons
  6481 | D:6      | XOM: enchant monster (good)
  6486 | D:6      | Reached skill level 2 in Conjurations
  6495 | D:6      | XOM: confusion
  6542 | D:6      | Got a slimy hand axe
  6543 | D:6      | Noticed Sigmund
  6593 | D:6      | Identified the +9 hand axe "Ox" {vorpal, rElec rPois} (You
                  | found it on level 6 of the Dungeon)
  6607 | D:6      | XOM: swap monsters
  6667 | D:6      | Killed Sigmund
  6668 | D:6      | Reached skill level 8 in Short Blades
  7029 | D:7      | XOM: confusion (+ monsters)
  7039 | D:7      | XOM: silly message
  7042 | D:7      | XOM: polymorph ogre -> sky beast
  7220 | D:7      | Found a flagged portal.
  7238 | Bailey   | Entered a bailey
  7243 | Bailey   | Learned a level 3 spell: Tukima's Dance
  7257 | Bailey   | XOM: smoke on damage
  7734 | Bailey   | Reached skill level 9 in Short Blades
  7774 | Bailey   | Noticed an orc knight
  7775 | Bailey   | XOM: divination: detect creatures
  7776 | Bailey   | XOM: fog
  7882 | Bailey   | an orc knight changed into a shapeshifter
  7882 | Bailey   | XOM: polymorph orc knight -> shapeshifter
  7883 | Bailey   | Noticed a troll
  7883 | Bailey   | a shapeshifter changed into a troll
  7884 | Bailey   | Noticed a black mamba
  7884 | Bailey   | a troll changed into a black mamba
  7933 | Bailey   | Noticed a cane toad
  7944 | Bailey   | Noticed an orc knight
  7947 | Bailey   | Killed a cane toad
  7948 | Bailey   | Reached skill level 7 in Dodging
  7948 | Bailey   | Reached skill level 4 in Spellcasting
  7971 | Bailey   | Killed an orc knight
  7972 | Bailey   | Reached XP level 10. HP: 48/48 MP: 5/17
  8077 | Bailey   | Noticed an orc knight
  8093 | Bailey   | Killed an orc knight
  8094 | Bailey   | Reached skill level 4 in Fighting
  8094 | Bailey   | Reached skill level 8 in Hexes
  8194 | Bailey   | XOM: noise
  8256 | Bailey   | Noticed an orc knight
  8261 | Bailey   | XOM: blink monster(s)
  8300 | Bailey   | Killed an orc knight
  8301 | Bailey   | Reached skill level 8 in Dodging
  8540 | Bailey   | Noticed an orc knight
  8540 | Bailey   | Noticed an orc knight
  8576 | Bailey   | XOM: enchant monster (good)
  8590 | Bailey   | Killed an orc knight
  8604 | Bailey   | Killed an orc knight
  8636 | Bailey   | XOM: divination: magic mapping
  8762 | D:7      | Found a staircase to the Ecumenical Temple.
  8851 | D:7      | Noticed Joseph
  8858 | D:7      | Learned a level 2 spell: Passwall
  8861 | D:7      | Learned a level 2 spell: Slow
  8870 | D:7      | Killed Joseph
  8921 | D:7      | Found Tiguin's Tempting Trifles.
  8927 | D:7      | Bought a throwing net for 39 gold pieces
  8927 | D:7      | Bought a scroll of teleportation for 39 gold pieces
  8979 | D:7      | XOM: divination: detect items
  9240 | D:7      | XOM: cloud trail
  9253 | D:7      | Reached skill level 10 in Short Blades
  9253 | D:7      | Reached skill level 9 in Dodging
  9274 | D:7      | XOM: 2-stop teleportation journey
  9304 | D:7      | XOM: god gift: lightning rod (4/4)
  9451 | D:7      | Noticed Prince Ribbit
  9470 | D:7      | Killed Prince Ribbit
  9471 | D:7      | Reached skill level 5 in Fighting
  9471 | D:7      | Reached skill level 9 in Hexes
  9483 | D:7      | XOM: god gift: wand of iceblast (6)
  9553 | D:7      | XOM: cloud trail
  9742 | D:8      | Reached skill level 10 in Dodging
  9759 | D:8      | XOM: give mutations
  9759 | D:8      | Gained mutation: You are partially covered in icy blue
                  | scales. (AC +2) [Xom's grace]
  9759 | D:8      | Gained mutation: Your flesh is cold resistant. (rC+) [Xom's
                  | grace]
  9759 | D:8      | Gained mutation: You are covered in fur. (AC +1) [Xom's
                  | grace]
  9802 | D:8      | XOM: confuse monster(s)
 10225 | D:8      | Found an ancient bone altar of Kikubaaqudgha.
 10364 | D:8      | XOM: cloud trail
 10861 | D:8      | XOM: god gift: hardcover book {god gift}
 10945 | D:9      | Reached XP level 11. HP: 47/55 MP: 17/18
 11059 | D:9      | XOM is BORED!
 11059 | D:9      | XOM: summons 6 hostile demons
 11128 | D:9      | Noticed a two-headed ogre
 11226 | D:9      | XOM: give mutation
 11226 | D:9      | Gained mutation: You are surrounded by a mild repulsion
                  | field. (EV +2) [Xom's grace]
 11230 | D:9      | Reached skill level 5 in Evocations
 11342 | D:9      | Noticed a two-headed ogre
 11377 | D:9      | Killed a two-headed ogre
 11378 | D:9      | Reached skill level 9 in Stealth
 11513 | D:9      | XOM: confuse monster(s)
 11520 | D:9      | Killed a two-headed ogre
 12165 | D:9      | Found Kiptetux's Magic Scroll Boutique.
 12169 | D:9      | Bought a scroll of teleportation for 36 gold pieces
 12169 | D:9      | Bought a scroll of blinking for 90 gold pieces
 12169 | D:9      | Bought a scroll of holy word for 90 gold pieces
 12169 | D:9      | Bought a scroll of identify for 24 gold pieces
 12169 | D:9      | Bought a scroll of identify for 24 gold pieces
 12171 | D:9      | Reached skill level 9 in Fighting
 12171 | D:9      | Reached XP level 12. HP: 65/65 MP: 19/19
 12172 | D:9      | Bought a scroll of identify for 24 gold pieces
 12176 | D:9      | Noticed a two-headed ogre
 12186 | D:9      | Killed a two-headed ogre
 12187 | D:9      | Reached skill level 6 in Evocations
 12306 | D:9      | XOM: divination: detect items
 12476 | D:10     | Entered Level 10 of the Dungeon
 12520 | D:10     | Noticed a centaur warrior
 12534 | D:10     | Reached skill level 10 in Hexes
 12597 | D:10     | XOM: confusion (+ monsters)
 12605 | D:10     | XOM: enchant monster (good)
 12633 | D:10     | XOM: enchant monster (good)
 12663 | D:10     | Reached skill level 10 in Stealth
 13087 | D:10     | XOM: summons friendly quasit
 13354 | D:10     | Reached skill level 7 in Evocations
 13422 | D:10     | XOM: cleaving
 13519 | D:10     | XOM: divination: detect creatures
 13536 | D:10     | XOM: enchant monster (good)
 13541 | D:10     | Killed a centaur warrior
 13660 | D:10     | XOM: 6-stop teleportation journey
 13920 | D:10     | XOM: give mutations
 13920 | D:10     | Gained mutation: You are agile. (Dex +2) [Xom's grace]
 13920 | D:10     | Gained mutation: Your spells are a little harder to cast,
                  | but a little more powerful. [Xom's grace]
 13950 | D:10     | Reached skill level 11 in Stealth
 14270 | D:11     | XOM: stealth player
 14350 | D:11     | Reached skill level 8 in Evocations
 14352 | D:11     | Reached skill level 1 in Shields
 14391 | D:11     | Noticed a two-headed ogre
 14407 | D:11     | Killed a two-headed ogre
 14428 | D:11     | XOM: confuse monster(s)
 14457 | D:11     | XOM: torment (34/65 hp)
 14661 | D:11     | Noticed a boulder beetle
 14677 | D:11     | Reached skill level 11 in Hexes
 14794 | D:11     | Found a staircase to the Lair.
 15012 | D:11     | Found a staircase to the Orcish Mines.
 15097 | D:11     | Got a polished dagger
 15097 | D:11     | Identified the +1 dagger of the Wilderness {holy, Int+3}
                  | (You found it on level 11 of the Dungeon)
 15158 | D:11     | XOM: 2-stop teleportation journey
 15170 | D:11     | Reached skill level 2 in Shields
 15250 | D:11     | Found a sacrificial altar of Ru.
 15456 | D:11     | XOM: chaos cloud
 15588 | D:11     | XOM is BORED!
 15588 | D:11     | XOM: give mutations
 15588 | D:11     | Lost mutation: You are weak. (Str -2) [Xom's mischief]
 15588 | D:11     | Lost mutation: You are partially covered in icy blue
                  | scales. (AC +2) [Xom's mischief]
 15603 | D:11     | Noticed a death knight
 15605 | D:11     | XOM: chaos upgrade
 15621 | D:11     | Killed a death knight
 15622 | D:11     | Reached skill level 12 in Stealth
 15622 | D:11     | Reached skill level 3 in Ice Magic
 15622 | D:11     | Reached XP level 13. HP: 69/69 MP: 8/20
 15783 | D:11     | XOM: give mutations
 15783 | D:11     | Lost mutation: Your spells are a little harder to cast, but
                  | a little more powerful. [Xom's mischief]
 15783 | D:11     | Gained mutation: You are weak. (Str -2) [Xom's mischief]
 15959 | D:11     | XOM: noise
 15961 | D:11     | XOM: silly message
 16024 | D:11     | XOM: scenery: summon butterflies
 16229 | Lair:1   | Entered Level 1 of the Lair of Beasts
 16431 | Lair:1   | Noticed Nergalle
 16446 | Lair:1   | Killed Nergalle
 16987 | Lair:2   | Reached skill level 3 in Shields
 17138 | Lair:2   | Reached skill level 11 in Short Blades
 17187 | Lair:2   | Reached skill level 4 in Ice Magic
 17251 | Lair:2   | XOM: 1-stop teleportation journey
 17333 | Lair:2   | XOM: enchant monster (good)
 17373 | Lair:2   | XOM: cleaving
 17537 | Lair:2   | XOM: chaos cloud
 17872 | Lair:2   | XOM: give mutations
 17872 | Lair:2   | Gained mutation: You are partially covered in iridescent
                  | scales. (AC +2) [Xom's mischief]
 17872 | Lair:2   | Lost mutation: You are weak. (Str -2) [Xom's mischief]
 17872 | Lair:2   | Lost mutation: Your flesh is cold resistant. (rC+) [Xom's
                  | mischief]
 17872 | Lair:2   | Lost mutation: Your flesh is heat resistant. (rF+) [Xom's
                  | mischief]
 17976 | Lair:3   | Found a broken altar of Ashenzari.
 17984 | Lair:3   | Reached skill level 4 in Shields
 17986 | Lair:3   | XOM: divination: detect creatures
 17994 | Lair:3   | XOM: snakes to sticks
 17998 | Lair:3   | XOM: divine lightning
 18029 | Lair:3   | Reached skill level 5 in Ice Magic
 18215 | Lair:3   | XOM: 2-stop teleportation journey
 18232 | Lair:3   | Noticed Snorg
 18239 | Lair:3   | Killed Snorg
 18266 | Lair:3   | XOM: summons friendly quasit
 18276 | Lair:3   | XOM: divine lightning
 18959 | Lair:3   | XOM: swap monsters
 19203 | Lair:3   | XOM is BORED!
 19261 | Lair:4   | Reached skill level 12 in Short Blades
 19365 | Lair:4   | Found a staircase to the Snake Pit.
 19370 | Lair:4   | XOM: divination: detect items
 19463 | Lair:4   | Reached skill level 5 in Shields
 19472 | Lair:4   | Reached skill level 6 in Ice Magic
 19528 | Lair:4   | XOM: potion effect (haste)
 19655 | Lair:4   | XOM: divination: detect items
 19745 | Lair:4   | XOM: noise
 19751 | Lair:4   | Reached skill level 6 in Shields
 19759 | Lair:4   | XOM: divination: detect items
 19781 | Lair:4   | Reached XP level 14. HP: 41/75 MP: 17/21
 19802 | Lair:4   | XOM: summons 3 friendly demons
 20033 | Lair:4   | XOM: 3-stop teleportation journey
 20061 | Lair:4   | XOM: enchant monster (bad)
 20065 | Lair:4   | XOM: potion effect (haste)
 20071 | Lair:4   | XOM: god gift: phial of floods
 20413 | Lair:4   | Reached skill level 7 in Shields
 20467 | Lair:4   | XOM: silly message
 20506 | Lair:4   | Found a staircase to the Swamp.
 20804 | Lair:4   | XOM: god gift: potion of brilliance
 21099 | Lair:5   | XOM: silly message
 21438 | Lair:5   | Reached skill level 5 in Spellcasting
 21673 | Lair:5   | XOM: god gift: 30 gold pieces
 21853 | D:9      | Bought a scroll of magic mapping for 42 gold pieces
 21968 | D:5      | Bought a scroll of enchant armour for 90 gold pieces
 21968 | D:5      | Bought a potion of haste for 120 gold pieces
 22226 | Lair:4   | XOM: noise
 22297 | Lair:5   | XOM: silly message
 22325 | Lair:5   | XOM: polymorph black mamba -> raiju
 22379 | Lair:5   | XOM: noise
 22526 | Lair:6   | Entered Level 6 of the Lair of Beasts
 22669 | Lair:6   | Reached skill level 9 in Evocations
 22696 | Lair:6   | XOM: confuse monster(s)
 22708 | Lair:6   | XOM: scenery: create altars
 22824 | Lair:6   | XOM: enchant monster (good)
 22903 | Lair:6   | Reached skill level 13 in Stealth
 22981 | Lair:6   | Reached skill level 6 in Spellcasting
 23108 | Lair:6   | XOM: give mutations
 23108 | Lair:6   | Gained mutation: You are very agile. (Dex +4) [Xom's
                  | mischief]
 23241 | Lair:6   | XOM: polymorph bullfrog -> frilled lizard
 23245 | Lair:6   | XOM: noise
 23246 | Lair:6   | XOM: enchant monster (bad)
 23254 | Lair:6   | Reached skill level 10 in Fighting
 23578 | Lair:6   | Reached skill level 10 in Evocations
 23681 | Lair:6   | XOM: polymorph bullfrog -> acid dragon
 23696 | Lair:6   | Reached skill level 7 in Spellcasting
 23746 | Lair:6   | Found a transporter.
 23747 | Lair:6   | Noticed Decritt's ghost (journeyman TeAE)
 23790 | Lair:6   | Found a runed translucent door.
 23790 | Lair:6   | Found a viscous altar of Jiyva.
 23790 | Lair:6   | Noticed an acid blob
 23791 | Lair:6   | Found a staircase to the Slime Pits.
 23791 | Lair:6   | Noticed an acid blob
 23791 | Lair:6   | Noticed an acid blob
 23814 | Lair:6   | Reached skill level 14 in Stealth
 23815 | Lair:6   | XOM: polymorph cane toad -> rime drake
 23821 | Lair:6   | XOM: polymorph rime drake -> sky beast
 23879 | Lair:6   | XOM: enchant monster (bad)
 23907 | Lair:6   | XOM is BORED!
 23907 | Lair:6   | XOM: give mutations
 23907 | Lair:6   | Gained mutation: You are partially covered in icy blue
                  | scales. (AC +2) [Xom's mischief]
 23907 | Lair:6   | Gained mutation: Your magical capacity is low. (-10% MP)
                  | [Xom's mischief]
 23907 | Lair:6   | Lost mutation: You are very agile. (Dex +4) [Xom's
                  | mischief]
 23958 | Lair:6   | Found a transporter.
 24041 | Lair:6   | XOM: divination: detect creatures
 24127 | Lair:6   | XOM: cast spell 'Shadow Creatures'
 24715 | D:12     | Reached skill level 15 in Stealth
 24874 | D:12     | Found a runed translucent gate.
 24874 | D:12     | Found a runed translucent gate.
 24874 | D:12     | Found a runed translucent gate.
 24874 | D:12     | Noticed lis82's ghost (journeyman DgAE)
 25077 | D:12     | XOM: god gift: 13 sling bullets
 25147 | D:12     | Reached skill level 3 in Conjurations
 25382 | D:12     | Reached XP level 15. HP: 80/80 MP: 23/23
 25560 | D:12     | XOM: confuse monster(s)
 25584 | D:12     | Reached skill level 4 in Conjurations
 25598 | D:12     | XOM: silly message
 26146 | D:11     | XOM: silly message
 26159 | Orc:1    | Entered Level 1 of the Orcish Mines
 26181 | Orc:1    | XOM: chaos upgrade
 26491 | Orc:1    | Found a runed translucent gate.
 26492 | Orc:1    | Found a runed translucent gate.
 26493 | Orc:1    | Found a runed translucent gate.
 26494 | Orc:1    | Found an iron altar of Okawaru.
 26494 | Orc:1    | Noticed Fimimaamm's ghost (journeyman TeFi)
 27233 | Orc:1    | Reached skill level 12 in Hexes
 27297 | Orc:1    | XOM: stat loss: -1 Dex (22/23)
 27396 | Orc:1    | XOM: god gift: 13 stones
 27416 | Orc:2    | Entered Level 2 of the Orcish Mines
 27440 | Orc:2    | Found Voer's Jewellery Boutique.
 27544 | Orc:2    | Found Jutticic's General Store.
 27559 | Orc:2    | Found a radiant altar of Vehumet.
 27606 | Orc:2    | Bought a scroll of teleportation for 45 gold pieces
 27606 | Orc:2    | Bought a scroll of blinking for 112 gold pieces
 27715 | Orc:2    | Found Oqisyrghu's Antique Armour Boutique.
 27734 | Orc:2    | XOM: summons 2 hostile shadow creatures
 27784 | Orc:1    | XOM: give mutation
 27784 | Orc:1    | Lost mutation: You are partially covered in icy blue
                  | scales. (AC +2) [Xom's mischief]
 27991 | Orc:2    | Noticed an orc warlord
 27994 | Orc:2    | XOM: fog
 28024 | Orc:2    | XOM: summons 15 friendly demons
 28042 | Orc:2    | Killed an orc warlord
 28046 | Orc:2    | XOM: god gift: 53 gold pieces
 28338 | Orc:2    | Noticed Urug
 28340 | Orc:2    | Reached skill level 13 in Hexes
 28403 | Orc:1    | XOM: cloud trail
 28475 | Orc:2    | Killed Urug
 28476 | Orc:2    | XOM: confuse monster(s)
 28489 | Orc:2    | XOM: give mutations
 28489 | Orc:2    | Gained mutation: You passively map a small area around you.
                  | [Xom's grace]
 28489 | Orc:2    | Gained mutation: Your spells are a little harder to cast,
                  | but a little more powerful. [Xom's grace]
 28694 | Orc:2    | Noticed Erolcha
 28714 | Orc:2    | Killed Erolcha
 28966 | Orc:2    | XOM: fog
 29193 | Orc:2    | Found a roughly hewn altar of Beogh.
 29318 | Orc:2    | XOM: scenery: summon butterflies
 29328 | Orc:2    | Found Mohawiemu's Antique Weapon Shoppe.
 29342 | Orc:2    | XOM: summons friendly iron imp
 29349 | Orc:2    | XOM: fog
 29396 | Orc:2    | Found a staircase to the Elven Halls.
 29409 | Orc:2    | Found Ykosabykeu's General Store.
 29417 | Orc:2    | Bought a wand of paralysis (4) for 60 gold pieces
 29417 | Orc:2    | Bought 2 potions of resistance for 200 gold pieces
 29417 | Orc:2    | Bought 3 scrolls of fog for 60 gold pieces
 29434 | Orc:2    | Noticed Nessos
 29441 | Orc:2    | Killed Nessos
 29655 | D:12     | XOM: divination: detect creatures
 29686 | D:13     | XOM: noise
 29829 | D:13     | XOM: god gift: 5 atropa-tipped darts
 29849 | D:13     | Noticed Rupert
 29942 | D:13     | XOM: 1-stop teleportation journey
 29959 | D:13     | Killed Rupert
 29960 | D:13     | Reached skill level 16 in Stealth
 29960 | D:13     | Reached skill level 11 in Evocations
 30047 | D:13     | XOM: god gift: runed quarterstaff {god gift}
 30142 | D:13     | XOM: noise
 30405 | D:13     | Learned a level 1 spell: Apportation
 30411 | D:13     | Learned a level 5 spell: Yara's Violent Unravelling
 30434 | D:13     | Noticed Maurice
 30440 | D:13     | Killed Maurice
 30543 | D:13     | Reached skill level 1 in Transmutations
 30639 | D:13     | XOM: potion effect (invisibility)
 30753 | D:13     | Reached skill level 2 in Transmutations
 31347 | D:14     | XOM is BORED!
 31347 | D:14     | XOM: 2-stop teleportation journey
 31658 | D:14     | XOM: 7-stop teleportation journey
 31723 | D:14     | Reached skill level 3 in Transmutations
 31742 | D:14     | XOM: enchant monster (bad)
 31857 | D:14     | XOM: silly message
 31861 | D:14     | Reached skill level 12 in Evocations
 31865 | D:14     | Reached skill level 8 in Spellcasting
 31876 | D:14     | XOM: silly message
 31881 | D:14     | XOM: potion effect (heal wounds)
 31914 | D:14     | Reached skill level 4 in Transmutations
 31926 | D:14     | XOM: god gift: morningstar {god gift}
 32049 | D:14     | Found a gate to the Vaults.
 32176 | D:14     | Reached XP level 16. HP: 83/85 MP: 26/26
 32260 | D:15     | Entered Level 15 of the Dungeon
 32284 | D:15     | Reached skill level 17 in Stealth
 32484 | D:15     | Reached skill level 5 in Transmutations
 32526 | D:15     | XOM: confuse monster(s)
 32565 | D:15     | XOM: enchant monster (good)
 32621 | D:15     | Reached skill level 9 in Spellcasting
 32626 | D:15     | XOM: summons 3 hostile demons
 32758 | D:15     | XOM is BORED!
 32758 | D:15     | XOM: summons 4 hostile shadow creatures
 32861 | D:15     | XOM: noise
 32866 | D:15     | XOM: confuse monster(s)
 32877 | D:15     | Reached skill level 13 in Evocations
 32948 | D:15     | XOM: enchant monster (bad)
 33397 | D:15     | Found a staircase to the Depths.
 33401 | D:15     | Reached skill level 11 in Dodging
 33405 | D:15     | XOM: silly message
 33507 | D:15     | XOM: cast spell 'Olgreb's Toxic Radiance'
 33969 | Swamp:1  | Entered Level 1 of the Swamp
 34113 | Swamp:1  | XOM: 4-stop teleportation journey
 34119 | Swamp:1  | Reached skill level 18 in Stealth
 34280 | Swamp:1  | XOM: scenery: summon butterflies
 34356 | Swamp:1  | XOM: polymorph tyrant leech -> komodo dragon
 34537 | Swamp:2  | Learned a level 6 spell: Invisibility
 34603 | Swamp:2  | XOM: smoke on damage
 34606 | Swamp:2  | XOM: silly message
 34648 | Swamp:2  | XOM: god gift: scroll labelled KYIBLID ZORUPS {god gift}
 34740 | Swamp:2  | Identified a scroll of acquirement
 34741 | Swamp:2  | Acquired a +0 hat of intelligence
 34796 | Swamp:2  | XOM: fake destruction
 34866 | Swamp:2  | Acquired the +7 pair of quick blades "Gyre" and "Gimble"
                  | {protect}
 34867 | Swamp:2  | Found the +7 pair of quick blades "Gyre" and "Gimble"
                  | {protect}
 34877 | Swamp:2  | Noticed Frances
 34883 | Swamp:2  | XOM: confuse monster(s)
 34887 | Swamp:2  | Killed Frances
 34926 | Swamp:2  | Reached skill level 14 in Hexes
 35476 | Swamp:2  | XOM: give mutations
 35476 | Swamp:2  | Lost mutation: You are agile. (Dex +2) [Xom's mischief]
 35476 | Swamp:2  | Lost mutation: Your spells are a little harder to cast, but
                  | a little more powerful. [Xom's mischief]
 35758 | Swamp:3  | XOM: fog
 35786 | Swamp:3  | Reached skill level 15 in Hexes
 35900 | Swamp:3  | XOM: god gift: 63 gold pieces
 36121 | Swamp:3  | XOM: cast spell 'Summon Mana Viper'
 36180 | Swamp:3  | Reached XP level 17. HP: 86/89 MP: 23/28
 36347 | Swamp:3  | XOM: cleaving
 36464 | Swamp:2  | XOM: cloud trail
 36548 | Swamp:3  | Reached skill level 16 in Hexes
 36711 | Swamp:3  | XOM: give mutations
 36711 | Swamp:3  | Gained mutation: You are partially covered in large bone
                  | plates. (SH +4) [Xom's grace]
 36711 | Swamp:3  | Gained mutation: You are agile. (Dex +2) [Xom's grace]
 36711 | Swamp:3  | Gained mutation: Your mind is acute. (Int +2) [Xom's grace]
 36711 | Swamp:3  | Gained mutation: You are robust. (+10% HP) [Xom's grace]
 36969 | Swamp:3  | XOM: divination: magic mapping
 37120 | Swamp:4  | Entered Level 4 of the Swamp
 37175 | Swamp:4  | XOM: enchant monster (bad)
 37232 | Swamp:4  | XOM: cast spell 'Summon Mana Viper'
 37236 | Swamp:4  | XOM: divination: detect creatures
 37394 | Swamp:4  | XOM: silly message
 37618 | Swamp:4  | XOM: silly message
 37636 | Swamp:4  | Found the +8 frozen axe "Frostbite" {freezing cloud, *Noise
                  | +Fly rC+}
 37640 | Swamp:4  | XOM: divination: magic mapping
 37641 | Swamp:4  | Reached skill level 1 in Armour
 37650 | Swamp:4  | Reached skill level 17 in Hexes
 37923 | Swamp:4  | Learned a level 5 spell: Irradiate
 37975 | Swamp:4  | XOM: enchant monster (good)
 38009 | Swamp:4  | Reached skill level 2 in Armour
 38132 | Swamp:4  | XOM: destruction
 38137 | Swamp:4  | XOM: destruction
 38142 | Swamp:4  | XOM: cleaving
 38175 | Swamp:3  | Acquired 1160 gold pieces
 38439 | Swamp:4  | XOM: confuse monster(s)
 38527 | Swamp:4  | XOM: summons 5 friendly demons
 38534 | Swamp:4  | Reached skill level 6 in Transmutations
 38540 | Swamp:4  | XOM: destruction
 38547 | Swamp:4  | XOM: cleaving
 38554 | Swamp:4  | XOM: potion effect (might)
 38573 | Swamp:4  | Found a blossoming altar of Fedhas.
 38621 | Swamp:4  | Found a basalt altar of Yredelemnul.
 38633 | Swamp:4  | Got a decaying rune of Zot
 38810 | Swamp:4  | XOM: give mutations
 38810 | Swamp:4  | Lost mutation: You are robust. (+10% HP) [Xom's mischief]
 38810 | Swamp:4  | Lost mutation: You are covered in fur. (AC +1) [Xom's
                  | mischief]
 38810 | Swamp:4  | Lost mutation: You are surrounded by a mild repulsion
                  | field. (EV +2) [Xom's mischief]
 38810 | Swamp:4  | Lost mutation: Your mind is acute. (Int +2) [Xom's
                  | mischief]
 38853 | Swamp:4  | XOM: draining
 39140 | Orc:2    | Bought a runed cloak for 180 gold pieces
 39140 | Orc:2    | Bought a runed scarf for 192 gold pieces
 39436 | D:11     | XOM is BORED!
 39549 | Snake:1  | Entered Level 1 of the Snake Pit
 39596 | Snake:1  | XOM: 1-stop teleportation journey
 39849 | Snake:1  | Reached skill level 3 in Armour
 40029 | Snake:1  | XOM: god gift: glowing trident {god gift}
 40188 | Snake:1  | XOM: potion effect (haste)
 40190 | Snake:1  | XOM: confuse monster(s)
 40237 | Snake:1  | XOM: noise
 40315 | Snake:1  | Reached skill level 7 in Transmutations
 40391 | Snake:1  | Reached skill level 10 in Spellcasting
 40453 | Snake:1  | XOM: divination: detect items
 40454 | Snake:1  | XOM: god gift: book of the Warp
 40495 | Snake:1  | XOM: 5-stop teleportation journey
 40550 | Snake:1  | Reached skill level 5 in Conjurations
 40566 | Snake:1  | You fall into a shaft and drop 1 floor!
 40566 | Snake:2  | XOM: stealth player
 40566 | Snake:2  | Found Xefeiv's Assorted Antiques.
 40583 | Snake:2  | Bought a scroll of summoning for 285 gold pieces
 40583 | Snake:2  | Bought a scroll of teleportation for 90 gold pieces
 40647 | Snake:2  | XOM: cloud trail
 40663 | Snake:2  | XOM: confuse monster(s)
 40668 | Snake:2  | XOM: confuse monster(s)
 40768 | Snake:2  | XOM: fog
 40799 | Snake:2  | XOM: blink monster(s)
 40807 | Snake:2  | XOM: divination: detect items
 40816 | Snake:2  | Reached XP level 18. HP: 44/95 MP: 0/29
 41531 | Snake:2  | Found Qijunic's Magic Scroll Emporium.
 41599 | Snake:2  | Bought a scroll of vulnerability for 105 gold pieces
 41599 | Snake:2  | Bought a scroll of summoning for 133 gold pieces
 41599 | Snake:2  | Bought a scroll of vulnerability for 105 gold pieces
 41599 | Snake:2  | Bought a scroll of teleportation for 42 gold pieces
 41599 | Snake:2  | Bought a scroll of teleportation for 42 gold pieces
 41675 | Snake:2  | Found Weomi's Magic Scroll Boutique.
 41684 | Snake:2  | Found Optociag's Assorted Antiques.
 41713 | Snake:2  | Bought a scroll of silence for 105 gold pieces
 41844 | Snake:2  | Found Eshryinn's General Store.
 41894 | Snake:2  | XOM: divination: magic mapping
 41935 | Snake:2  | Bought a scroll of summoning for 171 gold pieces
 42050 | Snake:2  | Noticed Vashnia
 42055 | Snake:2  | Noticed Aizul
 42056 | Snake:2  | Reached skill level 8 in Transmutations
 42058 | Snake:2  | Killed Vashnia
 42059 | Snake:2  | Reached skill level 4 in Armour
 42064 | Snake:2  | Killed Aizul
 42133 | Snake:2  | Noticed Roxanne
 42258 | Snake:2  | XOM: silly message
 42670 | Snake:3  | XOM: stat loss: -1 Dex (23/24)
 42676 | Snake:3  | Found Guhit's Antique Weapon Boutique.
 42857 | Snake:3  | XOM: snakes to sticks
 42872 | Snake:3  | XOM: summons 14 friendly demons
 42875 | Snake:3  | XOM: cleaving
 42881 | Snake:3  | XOM: god gift: potion of attraction
 42885 | Snake:3  | XOM: chaos cloud
 42890 | Snake:3  | XOM: cleaving
 42921 | Snake:3  | XOM: scenery: 1 doors open
 42939 | Snake:3  | XOM: confusion (+ monsters)
 43014 | Snake:3  | XOM: give mutations
 43014 | Snake:3  | Lost mutation: You passively map a small area around you.
                  | [Xom's mischief]
 43014 | Snake:3  | Gained mutation: You are frail. (-10% HP) [Xom's mischief]
 43212 | Snake:3  | Reached skill level 11 in Spellcasting
 43416 | Snake:3  | Reached skill level 9 in Transmutations
 43472 | Snake:3  | XOM: noise
 43781 | Snake:3  | XOM: potion effect (invisibility)
 43785 | Snake:3  | Reached skill level 6 in Conjurations
 43789 | Snake:3  | Reached skill level 11 in Fighting
 43842 | Snake:3  | XOM: scenery: create altars
 43857 | Snake:3  | Noticed Asterion
 43865 | Snake:3  | Reached skill level 18 in Hexes
 43866 | Snake:3  | XOM: destruction
 43876 | Snake:3  | Killed Asterion
 44098 | Snake:4  | Entered Level 4 of the Snake Pit
 44178 | Snake:4  | Reached skill level 5 in Armour
 44375 | Snake:4  | XOM: torment (58/86 hp)
 44504 | Snake:4  | XOM: noise
 44862 | Snake:4  | XOM: silly message
 44870 | Snake:4  | Reached skill level 10 in Transmutations
 45206 | Snake:4  | XOM: divination: detect creatures
 45270 | Snake:4  | XOM: divination: magic mapping
 45338 | Snake:4  | XOM: potion effect (might)
 45358 | Snake:4  | XOM: divination: detect creatures
 45576 | Snake:4  | XOM: cloud trail
 45662 | Snake:4  | XOM: silly message
 45766 | Snake:4  | XOM: potion effect (haste)
 45773 | Snake:4  | XOM: potion effect (invisibility)
 45829 | Snake:4  | XOM: potion effect (magic)
 45959 | Snake:4  | Reached XP level 19. HP: 70/90 MP: 26/32
 45964 | Snake:4  | Reached skill level 12 in Spellcasting
 46262 | Snake:4  | XOM: divination: detect items
 46263 | Snake:4  | XOM: potion effect (haste)
 46472 | Snake:4  | XOM: scenery: summon butterflies
 46565 | Snake:4  | Reached skill level 6 in Armour
 46569 | Snake:4  | Reached skill level 11 in Transmutations
 46800 | Snake:4  | XOM: summons 14 friendly demons
 46808 | Snake:4  | XOM: summons 2 friendly demons
 47093 | Snake:4  | XOM: polymorph naga -> acid dragon
 47096 | Snake:4  | Reached skill level 12 in Fighting
 47101 | Snake:4  | XOM: polymorph naga -> acid dragon
 47109 | Snake:4  | Reached skill level 12 in Transmutations
 47112 | Snake:4  | XOM: divination: magic mapping
 47211 | Snake:4  | XOM: cloud trail
 47409 | Snake:4  | Got a serpentine rune of Zot
 47634 | Orc:2    | Bought the amulet of Ollonn {rC+ rN+ Regen+} for 674 gold
                  | pieces
 47647 | Orc:2    | Bought an uncursed ring of protection from fire for 350
                  | gold pieces
 47907 | D:14     | XOM: cloud trail
 48397 | D:14     | XOM: god gift: box of beasts
 48480 | Vaults:1 | Entered Level 1 of the Vaults
 48496 | Vaults:1 | Reached skill level 12 in Dodging
 48678 | Vaults:1 | Noticed Frederick
 48679 | Vaults:1 | Noticed Agnes
 48681 | Vaults:1 | Killed Agnes
 48691 | Vaults:1 | XOM: potion effect (might)
 48692 | Vaults:1 | XOM: swap monsters
 48710 | Vaults:1 | Killed Frederick
 49151 | Vaults:1 | XOM: divination: detect items
 49163 | Vaults:1 | XOM: silly message
 49380 | Vaults:1 | Reached skill level 13 in Dodging
 49565 | Vaults:1 | XOM: butterfly on damage
 49568 | Vaults:1 | Reached skill level 19 in Stealth
 49653 | Vaults:1 | XOM: blink monster(s)
 49665 | Vaults:1 | Reached skill level 14 in Evocations
 49682 | Vaults:1 | XOM: noise
 49764 | Vaults:1 | XOM: silly message
 49771 | Vaults:1 | XOM: cast spell 'Statue Form'
 49772 | Vaults:1 | XOM: blink monster(s)
 49786 | Vaults:1 | XOM is BORED!
 49786 | Vaults:1 | XOM: summons 4 hostile shadow creatures
 49850 | Vaults:1 | XOM: enchant monster (bad)
 49897 | Vaults:1 | Reached XP level 20. HP: 97/97 MP: 25/33
 50099 | Vaults:1 | XOM: scenery: 2 doors close
 50130 | Vaults:1 | XOM: swap monsters
 50132 | Vaults:1 | XOM: summons 3 hostile demons
 50454 | Vaults:1 | XOM: summons friendly white imp
 50475 | Vaults:1 | XOM: divination: detect items
 50479 | Vaults:1 | XOM: blink monster(s)
 50485 | Vaults:1 | XOM: potion effect (might)
 50495 | Vaults:1 | XOM: enchant monster (bad)
 50501 | Vaults:1 | Reached skill level 14 in Dodging
 50514 | Vaults:1 | XOM: polymorph purple ugly thing -> cyan ugly thing
 50516 | Vaults:1 | XOM: scenery: 1 doors close
 50519 | Vaults:1 | XOM: enchant monster (good)
 50551 | Vaults:1 | XOM: divination: detect creatures
 50555 | Vaults:1 | Reached skill level 13 in Fighting
 50911 | Vaults:2 | XOM: enchant monster (bad)
 50913 | Vaults:2 | Reached skill level 15 in Evocations
 51110 | Vaults:2 | XOM: enchant monster (good)
 51114 | Vaults:2 | Reached skill level 20 in Stealth
 51146 | Vaults:2 | XOM: scenery: 2 doors open, 1 doors close
 51233 | Vaults:2 | XOM: give mutations
 51233 | Vaults:2 | Gained mutation: Armour fits poorly on your strangely
                  | shaped body. [Xom's mischief]
 51233 | Vaults:2 | Lost mutation: Armour fits poorly on your strangely shaped
                  | body. [Xom's mischief]
 51233 | Vaults:2 | Gained mutation: Your muscles are strong. (Str +2) [Xom's
                  | mischief]
 51335 | Vaults:2 | XOM: 5-stop teleportation journey
 51354 | Vaults:2 | XOM: silly message
 51409 | Vaults:2 | XOM: 2-stop teleportation journey
 51589 | Vaults:2 | Reached skill level 15 in Dodging
 51688 | Vaults:2 | XOM: chaos upgrade
 51741 | Vaults:2 | XOM: enchant monster (bad)
 52119 | Vaults:2 | XOM: cast spell 'Call Canine Familiar'
 52238 | Vaults:2 | XOM: 2-stop teleportation journey
 52352 | Vaults:2 | XOM: 1-stop teleportation journey
 52597 | Vaults:3 | Found a flickering gateway to a bazaar.
 52598 | Vaults:3 | XOM: god gift: scroll of enchant weapon
 52604 | Bazaar   | Entered a bazaar
 52620 | Bazaar   | Found Fyatybb's Magic Scroll Boutique.
 52638 | Bazaar   | Found Niylydae's Weapon Emporium.
 52655 | Bazaar   | Found Juxkoilo's Book Boutique.
 52672 | Bazaar   | Found Sytaep's Antique Weapon Shoppe.
 52677 | Bazaar   | XOM: divination: detect creatures
 52694 | Bazaar   | Bought a scroll of magic mapping for 52 gold pieces
 52694 | Bazaar   | Bought a scroll of magic mapping for 52 gold pieces
 52694 | Bazaar   | Bought a scroll of teleportation for 45 gold pieces
 52761 | Vaults:3 | XOM: summons 10 friendly demons
 52813 | Vaults:3 | Reached XP level 21. HP: 102/102 MP: 26/34
 52986 | Vaults:3 | XOM: polymorph great orb of eyes -> spark wasp
 52988 | Vaults:3 | XOM: 7-stop teleportation journey
 53006 | Vaults:3 | XOM: cast spell 'Dispersal'
 53047 | Vaults:3 | Found a staircase to the Crypt.
 53119 | Vaults:3 | XOM: summons 1 hostile shadow creature
 53267 | Vaults:3 | Reached skill level 16 in Evocations
 53366 | Vaults:3 | XOM: blink monster(s)
 53377 | Vaults:3 | XOM: summons 1 hostile shadow creature
 53387 | Vaults:3 | XOM: polymorph ogre mage -> swamp worm
 53391 | Vaults:3 | XOM: polymorph swamp worm -> river rat
 53412 | Vaults:3 | XOM: scenery: summon butterflies
 53427 | Vaults:3 | Noticed Xtahua
 53446 | Vaults:3 | Killed Xtahua
 53447 | Vaults:3 | Reached skill level 21 in Stealth
 53745 | Vaults:3 | XOM is BORED!
 53745 | Vaults:3 | XOM: polymorph vault guard -> eight-headed hydra
 53930 | Vaults:3 | XOM: god gift: 48 gold pieces
 53939 | Vaults:3 | XOM: give mutations
 53939 | Vaults:3 | Lost mutation: You are partially covered in iridescent
                  | scales. (AC +2) [Xom's mischief]
 53939 | Vaults:3 | Gained mutation: You are dopey. (Int -2) [Xom's mischief]
 53939 | Vaults:3 | Lost mutation: You are frail. (-10% HP) [Xom's mischief]
 53939 | Vaults:3 | Lost mutation: You are agile. (Dex +2) [Xom's mischief]
 54376 | Vaults:4 | XOM: summons 8 hostile demons
 54382 | Vaults:4 | XOM: stat loss: -1 Str (9/10)
 54500 | Vaults:4 | Found a portal to a secret trove of treasure.
 54542 | Vaults:4 | XOM: cleaving
 54582 | Vaults:4 | XOM: give mutations
 54582 | Vaults:4 | Gained mutation: You passively map a small area around you.
                  | [Xom's grace]
 54582 | Vaults:4 | Gained mutation: Your spells are a little harder to cast,
                  | but a little more powerful. [Xom's grace]
 54582 | Vaults:4 | Gained mutation: You are robust. (+10% HP) [Xom's grace]
 54582 | Vaults:4 | Gained mutation: You are surrounded by a mild repulsion
                  | field. (EV +2) [Xom's grace]
 54589 | Vaults:4 | Reached skill level 13 in Transmutations
 54798 | Vaults:4 | XOM: cleaving
 54800 | Vaults:4 | XOM: god gift: 404 gold pieces
 54811 | Vaults:4 | Reached skill level 13 in Spellcasting
 54811 | Vaults:4 | Reached skill level 7 in Conjurations
 55057 | Vaults:4 | XOM: noise
 55247 | Vaults:4 | XOM: cast spell 'Summon Small Mammal'
 55366 | Vaults:4 | XOM: scenery: create altars
 55717 | Vaults:2 | XOM: silly message
 55745 | D:14     | XOM: scenery: 3 doors open, 5 doors close
 55757 | D:14     | Lost mutation: Your muscles are strong. (Str +2) [mutagenic
                  | glow]
 55772 | D:14     | Gained mutation: Potions are less effective at restoring
                  | your health. [mutagenic glow]
 55907 | D:14     | Cast into level 3 of the Abyss (unwielding a weapon of
                  | distortion)
 55909 | Abyss:3  | Lost mutation: You are dopey. (Int -2) [potion of mutation]
 55909 | Abyss:3  | Lost mutation: Your magical capacity is low. (-10% MP)
                  | [potion of mutation]
 55909 | Abyss:3  | Gained mutation: You are somewhat resistant to further
                  | mutation. [potion of mutation]
 55910 | Abyss:3  | Lost mutation: You passively map a small area around you.
                  | [potion of mutation]
 55910 | Abyss:3  | Gained mutation: You have a pair of small horns on your
                  | head. [potion of mutation]
 55911 | Abyss:3  | Lost mutation: You are somewhat resistant to further
                  | mutation. [potion of mutation]
 55911 | Abyss:3  | Lost mutation: Your spells are a little harder to cast, but
                  | a little more powerful. [potion of mutation]
 55911 | Abyss:3  | Lost mutation: You have a pair of small horns on your head.
                  | [potion of mutation]
 55911 | Abyss:3  | Gained mutation: Potions are poor at restoring your health.
                  | [potion of mutation]
 55911 | Abyss:3  | Gained mutation: Your skin changes colour to match your
                  | surroundings (Stealth+). [potion of mutation]
 55912 | Abyss:3  | Lost mutation: You are robust. (+10% HP) [potion of
                  | mutation]
 55912 | Abyss:3  | Lost mutation: Potions are poor at restoring your health.
                  | [potion of mutation]
 55912 | Abyss:3  | Gained mutation: You are partially covered in iridescent
                  | scales. (AC +2) [potion of mutation]
 55913 | Abyss:3  | Lost mutation: You are surrounded by a mild repulsion
                  | field. (EV +2) [potion of mutation]
 55913 | Abyss:3  | Lost mutation: Potions are less effective at restoring your
                  | health. [potion of mutation]
 55913 | Abyss:3  | Lost mutation: You are partially covered in iridescent
                  | scales. (AC +2) [potion of mutation]
 55913 | Abyss:3  | Gained mutation: Your system is resistant to poisons.
                  | (rPois) [potion of mutation]
 55913 | Abyss:3  | Gained mutation: Your body sometimes deteriorates upon
                  | taking damage. [potion of mutation]
 55913 | Abyss:3  | Gained mutation: You are resistant to hostile enchantments.
                  | (MR+) [potion of mutation]
 56025 | Abyss:3  | Found a corrupted altar of Lugonu.
 56037 | Abyss:3  | XOM: noise
 56114 | Abyss:3  | XOM: noise
 56159 | Abyss:3  | Found a corrupted altar of Lugonu.
 56174 | Abyss:3  | Found a corrupted altar of Lugonu.
 56175 | Abyss:3  | XOM: enchant monster (good)
 56203 | Abyss:3  | XOM: silly message
 56210 | Abyss:3  | XOM: enchant monster (bad)
 56262 | Abyss:3  | XOM: confuse monster(s)
 56296 | Abyss:3  | XOM: cast spell 'Alistair's Intoxication'
 56507 | Abyss:3  | Gained mutation: You evolve. [a neqoxec]
 56567 | Abyss:3  | Reached skill level 14 in Fighting
 56583 | Abyss:3  | Got an abyssal rune of Zot
 56648 | Abyss:3  | Found a corrupted altar of Lugonu.
 56726 | Abyss:3  | Found a corrupted altar of Lugonu.
 56742 | Abyss:3  | XOM: noise
 56755 | Abyss:3  | Found a roughly hewn altar of Beogh.
 56777 | Abyss:3  | XOM: confuse monster(s)
 56796 | D:14     | Escaped the Abyss
 56878 | D:14     | XOM: divination: detect creatures
 56959 | D:12     | XOM: god gift: potion of attraction
 57071 | Orc:2    | Bought a scroll of magic mapping for 35 gold pieces
 57289 | Depths:1 | Entered Level 1 of the Depths
 57289 | Depths:1 | Found a gateway to Hell.
 57493 | Depths:1 | XOM: 1-stop teleportation journey
 57536 | Depths:2 | XOM: enchant monster (good)
 57553 | Depths:2 | XOM: cast spell 'Summon Ice Beast'
 57586 | Depths:2 | XOM: divination: magic mapping
 57608 | Depths:2 | Reached skill level 17 in Evocations
 57775 | Depths:3 | Reached skill level 14 in Transmutations
 57775 | Depths:3 | Reached XP level 22. HP: 77/120 MP: 7/40
 57776 | Depths:3 | Noticed a caustic shrike
 57782 | Depths:3 | XOM: confuse monster(s)
 57783 | Depths:3 | Killed a caustic shrike
 57784 | Depths:3 | Reached skill level 4 in Translocations
 57790 | Depths:3 | XOM: silly message
 57806 | Depths:3 | XOM: divination: detect creatures
 57808 | Depths:3 | Reached skill level 5 in Translocations
 57964 | Depths:5 | Entered Level 5 of the Depths
 58005 | Depths:5 | Reached skill level 22 in Stealth
 58007 | Depths:5 | Reached skill level 14 in Spellcasting
 58014 | Depths:5 | Found a gate to the Realm of Zot.
 58014 | Depths:5 | Noticed a golden dragon
 58034 | Depths:5 | XOM: blink monster(s)
 58045 | Depths:5 | XOM: enchant monster (good)
 58046 | Depths:5 | Killed a golden dragon
 58120 | Zot:1    | Entered Level 1 of the Realm of Zot
 58150 | Zot:1    | XOM: silly message
 58151 | Zot:1    | XOM: destruction
 58199 | Zot:2    | XOM: noise
 58215 | Zot:2    | XOM: fog
 58217 | Zot:3    | Found the +8 trident of the Octopus King {venom, rElec
                  | rPois MR+}
 58304 | Zot:5    | Entered Level 5 of the Realm of Zot
 58346 | Zot:5    | Noticed a Killer Klown
 58346 | Zot:5    | Noticed an orb of fire
 58351 | Zot:5    | Noticed an orb of fire
 58356 | Zot:5    | Got the Orb of Zot
 58357 | Zot:5    | XOM: polymorph Orb Guardian -> storm dragon
 58357 | Zot:5    | Gained mutation: Your magical capacity is low. (-10% MP)
                  | [an orb of fire]
 58358 | Zot:5    | XOM: summons friendly crimson imp
 58402 | Zot:4    | XOM: enchant monster (bad)
 58418 | Zot:3    | Noticed Feukes the pandemonium lord
 58422 | Zot:3    | XOM: butterfly on damage
 58423 | Zot:3    | Killed from afar by Feukes the pandemonium lord

Illustrated notes

Levels and vault maps discovered:
D:1:      zaba_arrival_water, layout_rooms
D:2:      layout_loops_ring
D:3:      layout_loops_ring
D:4:      layout_rooms, uniq_robin
D:5:      layout_loops_corners, serial_shops, nicolae_shop_trees, shop,
          minmay_misc_feat_doors, uniq_pikel, uniq_grinder
D:6:      layout_basic, chequers_serial_rivers_large_a, trog_eyes_of_draining,
          uniq_sigmund, uniq_maggie, uniq_edmund
D:7:      layout_basic, minmay_temple_entry_statues_fountains, enter_bailey_3,
          serial_glass, glass_columns_a, glass_columns_c, glass_columns_a,
          glass_columns_a, glass_columns_b, glass_columns_a, glass_columns_a,
          glass_columns_c, minmay_strange_pillars, due_unseen_surprise,
          nicolae_alphabet_shops, uniq_prince_ribbit1, uniq_joseph
D:8:      layout_loops_ring, nicolae_overflow_hidden_temple, serial_bayou_pond_c
D:9:      layout_loops_ring, serial_shops, shop
D:10:     layout_basic, minmay_mirror_moons_of_madness
D:11:     minmay_razor_zed, layout_loops_corners, lair_entry_dummy,
          nicolae_ru_the_path_less_chosen
D:12:     layout_roguey, gammafunk_ghost_split
D:13:     layout_stronghold, wad_mini_maze, uniq_rupert, uniq_maurice
D:14:     layout_roguey, ximxim_vaults_locker_room, special_room
          [special_room_mythical_zoo]
D:15:     grunt_enter_depths_hoard, layout_gridville
Lair:1:   layout_gridlike, serial_bayou_shore_a, lemuel_fruit_fields,
          uniq_nergalle
Lair:2:   layout_loops_ring, kennysheep_abandoned_house, grunt_megastairs_5,
          infiniplex_staircase_pool_2
Lair:3:   layout_long_grid, basic_altar, minmay_holes, uniq_snorg
Lair:4:   layout_cave_pods, palyth_hydra_swamp_entry,
          guppyfry_snake_entry_island, special_room [special_room_bee],
          beast_lair_carwin_8, serial_bayou_shore_b
Lair:5:   layout_gridlike, grunt_megastairs_1
Lair:6:   minmay_lair_end_frog_pond, layout_regular_city, slime_altar_2,
          gammafunk_ghost_berserking_beasts
Swamp:1:  layout_basic_swamp, evilmike_swamp_ruin_house_5
Swamp:2:  layout_basic_swamp, hangedman_swamp_ruin_wall, uniq_frances
Swamp:3:  layout_basic_swamp, hangedman_swamp_blocks, swamp_pool3
Swamp:4:  byrel_swamp_growth_death_and_undeath, layout_basic_swamp, swamp_pool1,
          hangedman_swamp_dais
Snake:1:  layout_basic, st_stairs_1
Snake:2:  layout_grid_shapes, serial_shops, nicolae_shop_stone, shop_scrolls,
          nicolae_shop_trees, shop_statue, shop, uniq_aizul, uniq_roxanne,
          uniq_vashnia
Snake:3:  layout_misc_corridors, serial_shops, shop, st_stairs_3,
          nicolae_snake_salamander_stairs, grunt_megastairs_3, uniq_asterion
Snake:4:  grunt_snake_rune_serpentine_throne, layout_rooms,
          nicolae_snake_biting_tails, lemuel_fruit_tree
Orc:1:    nicolae_orc_accident_3, layout_caves, gammafunk_ghost_fury_of_okawaru,
          mines5_lemuel
Orc:2:    grunt_orc_gardens, layout_diamond_mine, grunt_orc_garden,
          grunt_orc_garden, grunt_orc_garden, grunt_orc_garden, serial_shops,
          shop, basic_altar, minmay_orc_temple_b, uniq_nessos, uniq_urug,
          uniq_erolcha
Vaults:1: nicolae_vaults_big_ls, hangedman_vaults_maws,
          nicolae_vaults_yaktaur_gun_rack, nicolae_vaults_little_squares_3,
          vaults_standard_mumra_lines, v_rooms_6, nicolae_vaults_shelves_hall,
          vaults_mumra_minichess, sword_in_stone, layout_vaults_omnigrid
Vaults:2: v_misc_4, vaults_room_grid, nicolae_vaults_triangles,
          vaults_room_pool, nicolae_vaults_display_case, vaults_room_corners,
          nicolae_vaults_bisected_slash, vaults_room_door_hall,
          vaults_room_grid, hangedman_vaults_trim, vaults_room_grid,
          ontoclasm_vaults_pinch, layout_vaults_omnibox
Vaults:3: nicolae_vaults_back_hallway, nicolae_vaults_little_squares_3,
          blue_anna_dwarven_crypt, hangedman_vaults_slice,
          nicolae_vaults_windows_and_doors_thing, vaults_mumra_hex,
          nicolae_vaults_know_your_exits, nicolae_vaults_three_branches,
          hangedman_vaults_corner, vaults_room_hallway, vaults_room_octagon,
          vaults_mumra_lcd, hangedman_vaults_trim, layout_vaults_ring,
          serial_shops, bzr_entry_safe, uniq_xtahua
Vaults:4: grunt_vaults_hallway_long, kb_rosetta, vaults_room_stairs_pillars,
          v_misc_26, ontoclasm_vaults_shuriken, hangedman_vaults_corner_blocks,
          v_pattern_1, vaults_mumra_hexcomb, vaults_room_door_ring,
          layout_vaults_big_room, nicolae_trove_entry_crystal
Depths:1: layout_roguey, hell_entry, minmay_misc_feat_diagonals,
          serial_bayou_pond_a, nicolae_water_bricks, minmay_orc_keep,
          minmay_shoptagon
Depths:2: kennysheep_green_arena, layout_cave_pools, pf_hell_entry_tar_spiral,
          nrook_campfire, abyss_entry_crystal, st_stairs_12,
          minmay_misc_feat_chi, infiniplex_staircase_zigzag_4,
          serial_bayou_shore_b, serial_bayou_shore_b
Depths:3: hangedman_cross_stitches, layout_basic, enter_ziggurat_f,
          abyss_entry_flame_altar, kennysheep_decorative_pillar,
          rand_demon_pan_entry_1, hell_entry, uniq_margery
Depths:4: kennysheep_scales, layout_honeycomb, hell_entry, serial_shops,
          bzr_entry_islet, abyss_entry, kennysheep_nub,
          serial_sigils_hangedman_gnaw, minmay_shop_star, serial_bayou_shore_b
Depths:5: grunt_crosshair, layout_honeycomb, pf_coc_iceberg, serial_shops,
          nicolae_shop_crystal, pan_entry, chequers_serial_rivers_micro_c
Zot:1:    layout_twisted_circle, grunt_ministairs_5, st_stairs_11,
          lemuel_golem_globe
Zot:2:    layout_onion_interference
Zot:3:    lemuel_draconian_sentries_small, layout_onion_interference,
          gammafunk_ghost_grave
Zot:4:    nicolae_moth_party, layout_misc_corridors
Zot:5:    layout_gridlike

Skill      XL: |  1  2  3  4  5  6  7  8  9 10 11 12 13 14 15 16 17 18 19 20 21 22 |
---------------+-------------------------------------------------------------------+-----
Stealth        | 2 4 5 7 8 9 12 15 16 18 19 20 21 22 | 22.3
Dodging        | 4 5 6 7 10 11 13 15 | 15.0
Short Blades   | 4 6 9 10 12 | 12.0
Hexes          | 3 4 5 7 9 11 13 15 17 18 | 18.0
Spellcasting   | 2 3 4 7 8 9 10 11 12 13 14 | 14.3
Translocations | 1 3 5 |  5.0
Evocations     | 3 4 5 8 10 12 13 14 15 17 | 17.6
Ice Magic      | 2 3 6 |  6.0
Fighting       | 3 5 9 10 11 12 13 14 | 14.8
Conjurations   | 2 3 4 5 6 7 |  7.0
Shields        | 2 6 7 |  7.2
Transmutations | 4 5 7 10 12 14 | 14.0
Armour         | 3 5 6 |  6.5

Action                   |  1- 3 |  4- 6 |  7- 9 | 10-12 | 13-15 | 16-18 | 19-21 | 22-24 || total
-------------------------+-------+-------+-------+-------+-------+-------+-------+-------++-------
Melee: Short sword       |   118 |   107 |   175 |   388 |   996 |   248 |       |       ||  2032
       Spear             |     8 |       |       |       |       |       |       |       ||     8
       Flail             |       |     1 |       |       |       |       |       |       ||     1
       Pair of quick bla |       |       |       |       |       |   690 |  1413 |   102 ||  2205
Throw: Dart              |    10 |    38 |    28 |     7 |     6 |    35 |     1 |       ||   125
       Stone             |       |     1 |       |       |       |       |       |       ||     1
 Cast: Ensorcelled Hiber |       |     5 |    79 |   141 |   438 |   230 |    71 |     1 ||   965
       Confusing Touch   |       |     1 |     7 |    21 |    21 |    23 |    48 |     1 ||   122
       Tukima's Dance    |       |       |    27 |    38 |     3 |    10 |       |       ||    78
       Dazzling Flash    |       |       |     5 |    12 |    84 |   100 |   107 |     2 ||   310
       Passwall          |       |       |       |     1 |     2 |     1 |     2 |     1 ||     7
       Invisibility      |       |       |       |       |       |    15 |    23 |     4 ||    42
       Irradiate         |       |       |       |       |       |       |     9 |       ||     9
       Apportation       |       |       |       |       |       |       |     6 |     1 ||     7
Evoke: Wand              |       |       |    12 |     3 |     6 |    49 |    16 |    11 ||    97
       Lightning rod     |       |       |       |       |     8 |     9 |       |       ||    17
       Tin of tremorston |       |       |       |       |     1 |    10 |     4 |       ||    15
       Phial of floods   |       |       |       |       |       |     1 |     1 |       ||     2
       Box of beasts     |       |       |       |       |       |       |     2 |       ||     2
  Use: Scroll            |     2 |     8 |     9 |    10 |     7 |    21 |     8 |    12 ||    77
       Potion            |     2 |       |       |     1 |     3 |     3 |     6 |    12 ||    27
 Stab: Distracted        |     1 |       |       |       |       |     3 |    14 |     1 ||    19
       Sleeping          |     6 |    19 |    44 |    87 |   294 |   135 |    77 |     7 ||   669
       Invisible         |       |     1 |     2 |     2 |   100 |   196 |   312 |    42 ||   655
       Confused          |       |       |     6 |    21 |    21 |    40 |    65 |     3 ||   156
       Petrifying        |       |       |       |     1 |       |       |       |     1 ||     2
       Petrified         |       |       |       |       |     1 |       |       |       ||     1
       Paralysed         |       |       |       |       |     1 |     1 |     4 |     1 ||     7
Armor: Robe              |     6 |     4 |     1 |       |       |       |       |       ||    11
       Steam dragon scal |       |       |    20 |    15 |    53 |    19 |       |       ||   107
       Swamp dragon scal |       |       |       |       |       |   115 |   172 |    15 ||   302
       Skin              |       |       |       |       |       |       |    17 |       ||    17
Dodge: Dodged            |    75 |    49 |   234 |   259 |   776 |   760 |   979 |    45 ||  3177
       Repelled          |       |       |       |       |     1 |    30 |    22 |       ||    53
Block: Buckler           |       |       |       |    10 |   405 |   107 |       |       ||   522
       Other             |       |       |       |       |       |    82 |   150 |     3 ||   235

Table legend: (Time is in decaauts)
 A = Elapsed time spent in this place.
 B = Non-inter-level travel time spent in this place.
 C = Inter-level travel time spent in this place.
 D = Time resting spent in this place.
 E = Time spent auto-exploring this place.
 F = Levels seen in this place.
 G = Mean time per level.
                   A        B        C        D        E       F      G
               +--------+--------+--------+--------+--------+-----+--------+
         Total |  44233 |  41354 |   2879 |   5553 |  26282 |  48 |  921.5 |
       Dungeon |  16912 |  15409 |   1503 |   1817 |  10124 |  15 | 1127.5 |
          Lair |   6467 |   5743 |    724 |    212 |   4438 |   6 | 1077.8 |
         Swamp |   4147 |   4032 |    115 |    869 |   2256 |   4 | 1036.8 |
     Snake Pit |   6225 |   6055 |    170 |    902 |   4030 |   4 | 1556.2 |
  Orcish Mines |   2784 |   2613 |    171 |    610 |   1408 |   2 | 1392.0 |
        Vaults |   4842 |   4657 |    185 |    251 |   3291 |   4 | 1210.5 |
        Depths |    619 |    610 |      9 |    331 |      0 |   5 |  123.8 |
           Zot |    217 |    217 |      0 |     85 |      0 |   5 |   43.4 |
         Abyss |    571 |    571 |      0 |     41 |     66 |   1 |  571.0 |
        Bazaar |     70 |     70 |      0 |      0 |     56 |   1 |   70.0 |
        Bailey |   1373 |   1373 |      0 |    431 |    611 |   1 | 1373.0 |
               +--------+--------+--------+--------+--------+-----+--------+

Top non-repeatable levels by time:
 Snake:4: 2460 daAuts
    D:11: 2058 daAuts
  Lair:6: 1706 daAuts
Vaults:1: 1663 daAuts
 Snake:3: 1596 daAuts
  Lair:4: 1555 daAuts
 Swamp:3: 1448 daAuts
     D:9: 1437 daAuts
   Orc:2: 1426 daAuts
  Bailey: 1373 daAuts
   Orc:1: 1358 daAuts
    D:12: 1298 daAuts
    D:10: 1287 daAuts
    D:14: 1232 daAuts
     D:5: 1223 daAuts
